 Dungeon Crawl Stone Soup version 0.30-a0-596-g0af90f9a20 (webtiles) character file.

Game seed: 9721760662014724067

3281 flotson the Trooper (level 9, 0/62 HPs)
             Began as a Demonspawn Delver on Jan 5, 2023.
             Was a Follower of Hepliaklqana.
             Succumbed to a gnoll sergeant's poison
             ... on level 9 of the Dungeon on Jan 6, 2023.
             The game lasted 00:13:33 (5918 turns).

flotson the Trooper (Demonspawn Delver)             Turns: 5918, Time: 00:13:33

Health: 0/62       AC: 17    Str: 16 (17) XL:     9   Next: 69%
Magic:  12/12      EV: 13    Int:  8 (11) God:    Hepliaklqana [*.....]
Gold:   442        SH:  5    Dex: 17 (19) Spells: 8/8 levels left

rFire   . . .      SeeInvis .    a - +3 dire flail (heavy)
rCold   . . .      Faith    .    (shield currently unavailable)
rNeg    . . .      Spirit   .    Q - +4 ring mail
rPois   .          Reflect  +    s - +0 helmet
rElec   .          Harm     .    u - +1 cloak
rCorr   +          Rampage  .    B - +0 pair of gloves
Will    +....                    t - +2 pair of boots
Stlth   ++++                     F - amulet of reflection
HPRegen 0.30/turn                R - ring of willpower
MPRegen 0.13/turn                M - ring of resist corrosion

@: lethally poisoned (0 -> -19)
A: reduced essence, thin skeletal structure 2, foul stench 3, spiny 1, demonic
touch 2
a: Renounce Religion, Recall Ancestor, Ancestor Identity


You were on level 9 of the Dungeon.
You worshipped Hepliaklqana.
Hepliaklqana was aware of your devotion.
You visited 2 branches of the dungeon, and saw 10 of its levels.

You collected 442 gold pieces.

Inventory:

Hand Weapons
 a - a +3 heavy dire flail (weapon)
 b - a +4 shortbow
 l - a +2 heavy hammer
 v - the +7 whip of the Glowing Visionary {speed, Will- Str+4 Stlth+}
   (You found it on level 7 of the Dungeon)

   Str:       It affects your strength (+4).
   Will:      It decreases your willpower.
   Stlth:     It makes you more stealthy.
 J - the +6 hammer "Teurghu" {freeze, Int+10}
   (You found it on level 2 of the Dungeon)

   Int:       It affects your intelligence (+10).
Missiles
 f - 29 poisoned darts (quivered)
 y - 5 boomerangs of dispersal
 H - a throwing net
Armour
 s - a +0 helmet (worn)
 t - a +2 pair of boots (worn)
 u - a +1 cloak (worn)
 B - a +0 pair of gloves (worn)
 O - a +0 troll leather armour
 Q - a +4 ring mail (worn)
Jewellery
 F - an amulet of reflection (around neck)
 M - a ring of resist corrosion (right hand)
 R - a ring of willpower (left hand)
Wands
 g - a wand of digging (3)
 j - a wand of light (6)
 G - a wand of iceblast (7)
 S - a wand of paralysis (7)
Scrolls
 c - 3 scrolls of fog
 d - a scroll of magic mapping
 e - 2 scrolls of fear
 k - 6 scrolls of vulnerability {unknown}
 n - 2 scrolls of blinking {unknown}
 p - 5 scrolls of identify {unknown}
 D - a scroll of teleportation {unknown}
 I - a scroll of amnesia {unknown}
 K - 2 scrolls of poison {unknown}
 P - a scroll of enchant weapon {unknown}
Potions
 h - 9 potions of curing {unknown}
 i - 4 potions of invisibility {unknown}
 m - a potion of berserk rage {unknown}
 o - 3 potions of attraction {unknown}
 q - 4 potions of degeneration
 r - 3 potions of haste
 w - a potion of resistance {unknown}
 x - 5 potions of mutation {unknown}
 z - 2 potions of cancellation {unknown}
 A - 2 potions of flight {unknown}
 C - a potion of lignification {unknown}
 E - a potion of ambrosia {unknown}
 L - a potion of brilliance {unknown}
 N - a potion of might {unknown}


   Skills:
 + Level 6.0 Fighting
 + Level 5.1 Axes
 + Level 4.5 Throwing
 + Level 4.7 Armour
 + Level 5.1 Dodging
 - Level 5.0 Stealth
 + Level 4.5 Invocations
 + Level 5.2 Evocations


You had 8 spell levels left.
You didn't know any spells.
Your spell library contained the following spells:

 Spells                   Type           Power      Damage    Failure   Level
 Ignite Poison            Fire/Tmut/Pois 0%         N/A       93%         3
 Kindle Blastsparks       Fire/Tloc/Air  0%         2d10      93%         3
 Freezing Cloud           Conj/Ice/Air   0%         6-21      100%        5


Dungeon Overview and Level Annotations

Branches:
Dungeon (9/15)             Temple (1/1) D:6
   Lair: D:8-11         Orc: D:9-12

Altars:
Ashenzari
Cheibriados
Dithmenos
Fedhas
Gozag
Hepliaklqana
Kikubaaqudgha
Makhleb
Nemelex Xobeh
Qazlal
Ru
Sif Muna
Trog
Uskayaw
Vehumet
Wu Jian
Xom
Yredelemnul

Shops:
D:2 =   D:3 :   D:5 *


Innate Abilities, Weirdness & Mutations

Your life essence is reduced to manifest your ancestor. (-10% HP)
You have a moderately thin skeletal structure. (Dex +4, Stealth++)
You frequently emit foul miasma when damaged in melee.
You are partially covered in sharp spines.
Your touch may inflict irresistible damage on your foes.


Message History

You puncture the gnoll!
You kill the gnoll!
You feel very sick.
Ankherfenedjef hits the gnoll sergeant.
The gnoll sergeant hits you but does no damage.
You are more poisoned.
Ankherfenedjef completely misses the gnoll sergeant.
You swap places.
You feel very sick.
The gnoll sergeant hits you but does no damage.
You thump the gnoll sergeant!
The gnoll sergeant is moderately wounded.
You feel very sick.
The gnoll sergeant hits you with a +1 spear of venom.
You are more poisoned.
Ankherfenedjef closely misses the gnoll sergeant.
The gnoll sergeant hits you but does no damage.
You are lethally poisoned!
You are too injured to fight recklessly!
You are too injured to fight recklessly!
You are too injured to fight recklessly!
You completely miss the gnoll sergeant.
The gnoll sergeant is moderately wounded.
* * * LOW HITPOINT WARNING * * *
You feel extremely sick.
Ankherfenedjef hits the gnoll sergeant.
The gnoll sergeant is struck by your spines.
The gnoll sergeant hits you but does no damage.
You are more poisoned.
Ankherfenedjef hits the gnoll sergeant.
The gnoll sergeant hits Ankherfenedjef with a +1 spear of venom!
You catch the helpless gnoll sergeant completely off-guard!
You puncture the gnoll sergeant!
You kill the gnoll sergeant!
* * * LOW HITPOINT WARNING * * *
You feel extremely sick.
It was a potion of degeneration.
There was something very wrong with that liquid.
You feel weakened.
You feel dopey.
You feel clumsy.
You die...

#............ ...
##.?........ .....
...........###.....
........?..........
.......#...........
....<..#...........
#.<...........
#.#....)R.......
.........@)...#.
......##))....##
#.##... ##.....# .
...## #...$....
.... #.........
#... ..........
..#:##...# .....?
..[.


You could see the friendly Ankherfenedjef the ancestor.

Vanquished Creatures
  A troll (D:7)
  Grinder (D:6)
  A steam dragon (D:7)
  Edmund (D:6)
  A water moccasin (D:8)
  3 ice beasts
  A black bear (D:5)
  2 centaurs
  3 kobold brigands
  A necrophage (D:6)
  2 gnoll sergeants
  5 scorpions
  4 wights (D:8)
  A killer bee (D:9)
  4 howler monkeys
  2 orc priests
  A jelly (D:6)
  Crazy Yiuf (D:2)
  5 hounds (D:6)
  3 iguanas
  5 orc wizards
  Robin (D:2)
  4 adders
  11 gnolls
  2 shadow imps
  3 white imps (D:7)
  4 ufetubi
  2 worms
  3 dart slugs
  17 orcs
  6 ball pythons
  11 bats
  8 endoplasms
  4 giant cockroaches
  17 goblins
  12 hobgoblins
  5 jackals
  3 quokkas
  3 frilled lizards (D:2)
  15 kobolds
  13 rats
192 creatures vanquished.

Vanquished Creatures (collateral kills)
  A wight (D:8)
  3 kobolds (D:8)
4 creatures vanquished.

Grand Total: 196 creatures vanquished

Notes
Turn   | Place    | Note
-------+----------+-------------------------------------------
     0 | D:5      | flotson the Demonspawn Delver began the quest for the Orb.
     0 | D:5      | Reached XP level 1. HP: 18/18 MP: 1/1
    28 | D:5      | Found Gozag's Platinum Reserve.
    40 | D:5      | Found an opulent altar of Gozag.
    67 | D:5      | Found a shadowy altar of Dithmenos.
   105 | D:5      | Noticed an angel
   110 | D:5      | Found a basalt altar of Yredelemnul.
   112 | D:5      | Noticed a profane servitor
   253 | D:3      | Gained mutation: You may rarely emit foul miasma when
                  | damaged in melee. [demonic ancestry]
   253 | D:3      | Reached XP level 2. HP: 8/24 MP: 2/2
   476 | D:1      | Gained mutation: You are partially covered in sharp spines.
                  | [demonic ancestry]
   476 | D:1      | Reached XP level 3. HP: 19/29 MP: 3/3
   699 | D:1      | Reached skill level 1 in Evocations
   812 | D:1      | Reached skill level 1 in Armour
  1084 | D:2      | Gained mutation: Your touch may inflict minor irresistible
                  | damage on your foes. [demonic ancestry]
  1084 | D:2      | Reached XP level 4. HP: 35/35 MP: 4/4
  1303 | D:2      | Noticed Robin
  1423 | D:2      | Killed Robin
  1424 | D:2      | Reached skill level 1 in Throwing
  1644 | D:2      | Found a runed translucent door.
  1645 | D:2      | Noticed Crazy Yiuf
  1653 | D:2      | Killed Crazy Yiuf
  1654 | D:2      | Gained mutation: Your touch may inflict irresistible damage
                  | on your foes. [demonic ancestry]
  1654 | D:2      | Reached XP level 5. HP: 20/41 MP: 5/5
  1663 | D:2      | Identified the +6 hammer "Teurghu" {freeze, Int+10}
  2121 | D:2      | Found Negg's Jewellery Shop.
  2317 | D:3      | Reached skill level 5 in Stealth
  2487 | D:3      | Found Zila's Book Emporium.
  2523 | D:3      | Found a sparkling altar of Nemelex Xobeh.
  2709 | D:4      | Gained mutation: You sometimes emit foul miasma when
                  | damaged in melee. [demonic ancestry]
  2709 | D:4      | Reached XP level 6. HP: 47/47 MP: 6/6
  3449 | D:5      | Reached skill level 4 in Fighting
  3529 | D:5      | Gained mutation: You frequently emit foul miasma when
                  | damaged in melee. [demonic ancestry]
  3529 | D:5      | Reached XP level 7. HP: 41/54 MP: 7/7
  3768 | D:5      | Found a radiant altar of Vehumet.
  4119 | D:6      | Gained mutation: You have a somewhat thin skeletal
                  | structure. (Dex +2, Stealth+) [demonic ancestry]
  4119 | D:6      | Reached XP level 8. HP: 49/61 MP: 8/8
  4173 | D:6      | Found a staircase to the Ecumenical Temple.
  4173 | D:6      | Noticed Grinder
  4186 | D:6      | Killed Grinder
  4191 | Temple   | Entered the Ecumenical Temple
  4243 | Temple   | Became a worshipper of Hepliaklqana the Forgotten
  4281 | D:6      | Noticed Edmund
  4286 | D:6      | Killed Edmund
  4312 | D:6      | Reached skill level 1 in Invocations
  4318 | D:6      | Reached skill level 5 in Fighting
  4361 | D:6      | Upgraded the game from 0.30-a0-591-g3c58d2bc28 to
                  | 0.30-a0-596-g0af90f9a20
  4900 | D:7      | Noticed a troll
  4909 | D:7      | Killed a troll
  4910 | D:7      | Gained mutation: You have a moderately thin skeletal
                  | structure. (Dex +4, Stealth++) [demonic ancestry]
  4910 | D:7      | Reached XP level 9. HP: 54/68 MP: 9/11
  5173 | D:7      | Identified the +7 whip of the Glowing Visionary {speed,
                  | Will- Str+4 Stlth+}
  5411 | D:8      | Reached * piety under Hepliaklqana
  5434 | D:8      | Found a blossoming altar of Fedhas.
  5468 | D:8      | Reached skill level 5 in Dodging
  5468 | D:8      | Reached skill level 5 in Evocations
  5512 | D:8      | Found a shimmering altar of Xom.
  5550 | D:8      | Reached skill level 5 in Axes
  5558 | D:8      | Reached skill level 6 in Fighting
  5841 | D:8      | Found a stormy altar of Qazlal.
  5918 | D:9      | Succumbed to a gnoll sergeant's poison

Illustrated notes

Levels and vault maps discovered:
D:1:      giann_bridges, layout_basic
D:2:      layout_basic, serial_curves, eino_curves_02, eino_curves_02,
          eino_curves_01, eino_curves_03, serial_shops, shop,
          minmay_tetromino_t4, uniq_robin, uniq_crazy_yiuf_cottage
D:3:      layout_rooms, lemuel_coloured_pillars_altar, serial_shops,
          nicolae_shop_hallway_stairs
D:4:      layout_cave_pools, minmay_misc_feat_chi, kennysheep_generic_room_4
D:5:      layout_gridville, grunt_temple_overflow_holy_war, vehumet_crystals,
          grunt_dithmenos_smoke_and_mirrors, nicolae_gozag_zags_fifth_avenue,
          abandoned_shop
D:6:      layout_cave_pools, temple_green, grunt_decor_fettered, uniq_edmund,
          uniq_grinder
D:7:      layout_rooms
D:8:      layout_gridville, lemuel_tele_altar, fedhas_altar_2,
          kennysheep_little_box
D:9:      layout_cave_pools, okawaru_metal_pillars_1_2, lair_entry_dummy,
          zombieorc1_lemuel, kennysheep_generic_room_13, uniq_harold,
          uniq_maurice, uniq_pikel
Temple:   hellmonk_temple_two_chambers

Skill      XL: |  1  2  3  4  5  6  7  8  9 |
---------------+----------------------------+-----
Axes           | 2 3 4 5 |  5.1
Dodging        | 2 3 4 5 |  5.1
Evocations     | 1 2 3 4 5 |  5.2
Armour         | 1 2 3 4 |  4.7
Throwing       | 1 2 3 4 |  4.5
Stealth        | 5 |  5.0
Fighting       | 4 5 6 |  6.0
Invocations    | 2 4 |  4.5

Action                   |  1- 3 |  4- 6 |  7- 9 || total
-------------------------+-------+-------+-------++-------
Melee: Hand axe          |    87 |    30 |       ||   117
       Touch             |       |    15 |    11 ||    26
       Mace              |       |    52 |    45 ||    97
       Dire flail        |       |       |    93 ||    93
 Fire: Shortbow          |       |       |     5 ||     5
Throw: Dart              |     5 |       |       ||     5
  Use: Potion            |     1 |       |     1 ||     2
 Stab: Sleeping          |     4 |     1 |     3 ||     8
       Distracted        |       |       |     2 ||     2
Armor: Leather armour    |    27 |       |       ||    27
       Scale mail        |     6 |    50 |    48 ||   104
       Steam dragon scal |       |       |    12 ||    12
       Ring mail         |       |       |    24 ||    24
       Troll leather arm |       |       |    12 ||    12
Dodge: Dodged            |    73 |    47 |   112 ||   232
Block: Other             |       |       |    26 ||    26

Table legend: (Time is in decaauts)
 A = Elapsed time spent in this place.
 B = Non-inter-level travel time spent in this place.
 C = Inter-level travel time spent in this place.
 D = Time resting spent in this place.
 E = Time spent auto-exploring this place.
 F = Levels seen in this place.
 G = Mean time per level.
                   A        B        C        D        E       F      G
               +--------+--------+--------+--------+--------+-----+--------+
         Total |   6020 |   5811 |    209 |     77 |   4508 |  10 |  602.0 |
       Dungeon |   5958 |   5758 |    200 |     77 |   4466 |   9 |  662.0 |
        Temple |     61 |     52 |      9 |      0 |     42 |   1 |   61.0 |
               +--------+--------+--------+--------+--------+-----+--------+

Top non-repeatable levels by time:
     D:2: 1062 daAuts
     D:5: 998 daAuts
     D:7: 769 daAuts
     D:1: 686 daAuts
     D:3: 620 daAuts
     D:6: 613 daAuts
     D:8: 594 daAuts
     D:4: 588 daAuts
  Temple: 61 daAuts
     D:9: 23 daAuts
